 Dungeon Crawl Stone Soup version 0.19-a0-929-g333bac9 (webtiles) character file.

3659 Arkorax the Covert (level 10, -11/84 HPs)
             Began as a Vine Stalker Berserker on July 7, 2016.
             Was a High Priest of Trog.
             Mangled by a cyclops (22 damage)
             ... on level 7 of the Dungeon.
             The game lasted 00:06:28 (5222 turns).

Arkorax the Covert (Vine Stalker Berserker)         Turns: 5222, Time: 00:06:29

Health: -11/84     AC: 13    Str: 26    XL:     10   Next: 12%
Magic:  0/11       EV: 12    Int:  7    God:    Trog [*****.]
Gold:   299        SH:  0    Dex: 16    Spells: 0 memorised, 9 levels left

rFire  . . .     SeeInvis .     F - +2 dagger (elec)
rCold  . . .     Gourm    .     j - +2 leather armour {rPois}
rNeg   . . .     Faith    .     (no shield)
rPois  +         Spirit   +     r - +2 helmet
rElec  .         Dismiss  .     m - +0 cloak
rCorr  .         Reflect  .     i - +0 pair of gloves
SustAt .         Harm     .     D - +2 pair of boots
MR     +....                    E - amulet of rage
Stlth  ..........               (no ring)
                                (no ring)

@: berserking, very quick, somewhat resistant to hostile enchantments, extremely
unstealthy
A: fangs 3, regeneration 2, magic shield, antimagic bite, no device heal 3, rot
immunity
a: Berserk, Trog's Hand, Brothers in Arms, Burn Spellbooks, Renounce Religion,
Evoke Berserk Rage


You were on level 7 of the Dungeon.
You worshipped Trog.
Trog was extremely pleased with you.
You were not hungry.

You visited 1 branch of the dungeon, and saw 7 of its levels.

You collected 299 gold pieces.

Inventory:

Hand Weapons
 a - a +0 short sword
 F - a +2 dagger of electrocution (weapon)
Missiles
 l - 2 throwing nets (quivered)
Armour
 b - a +2 shield
 i - a +0 pair of gloves (worn)
 j - a +2 leather armour of poison resistance (worn)
 m - a +0 cloak (worn)
 r - a +2 helmet (worn)
 D - a +2 pair of boots (worn)
Jewellery
 E - an amulet of rage (around neck)
Wands
 h - a wand of acid (0/15)
 I - a wand of acid (5/15)
Scrolls
 e - 5 scrolls of random uselessness {unknown}
 f - a scroll of blinking {unknown}
 g - 2 scrolls of recharging {unknown}
 k - 2 scrolls of identify {unknown}
 o - 3 scrolls of amnesia {unknown}
 p - 3 scrolls of immolation {unknown}
 s - 2 scrolls of remove curse {unknown}
 t - a scroll of magic mapping {unknown}
 u - 3 scrolls of fear {unknown}
 y - 2 scrolls of fog {unknown}
 z - a scroll of teleportation {unknown}
 B - 2 scrolls of enchant weapon {unknown}
 G - 2 scrolls of noise {unknown}
 H - a scroll of acquirement {unknown}
Potions
 d - 7 potions of curing {unknown}
 n - 2 potions of heal wounds {unknown}
 v - a potion of ambrosia {unknown}
 x - a potion of magic {unknown}
 A - a potion of agility {unknown}
 C - a potion of flight {unknown}
 J - a potion of cancellation {unknown}
Comestibles
 c - 2 bread rations
 q - 2 fruits
 w - 2 meat rations


   Skills:
 + Level 8.2 Fighting
 + Level 8.0 Short Blades
 - Level 1.5 Armour
 - Level 1.5 Dodging
 + Level 10.4 Stealth


You had 9 spell levels left.
You didn't know any spells.

Dungeon Overview and Level Annotations

Branches:
Dungeon (7/15)             Temple (0/1) D:5

Altars:
Dithmenos
Nemelex Xobeh
Pakellas
Sif Muna
Trog
Vehumet
The Shining One

Shops:
D:6 =


Innate Abilities, Weirdness & Mutations

You have razor-sharp teeth.
You heal very quickly.
When hurt, damage is shared between your health and your magic reserves.
Your bite disrupts and absorbs the magic of your enemies.
Potions and wands cannot restore your health.
You are immune to rotting.


Message History

You feel invigorated.
The cyclops is lightly wounded.
The cyclops hits you!!
You barely miss the cyclops. You bite the cyclops! You drain its power.
You feel invigorated.
The cyclops is moderately wounded.
You barely miss the cyclops. You bite the cyclops! You drain its power.
The cyclops is heavily wounded.
You hit the cyclops. You bite the cyclops. You drain its power.
The cyclops is severely wounded.
The cyclops hits you!!
* * * LOW HITPOINT WARNING * * *
A manticore comes into view.
You are too injured to fight recklessly!
You are too injured to fight recklessly!
Okay, then.
A red film seems to cover your vision as you go berserk!
You feel yourself moving faster!
You feel mighty!
You feel somewhat more hungry. The cyclops hits you!!
You die...

# #.# ... #.# # #.#
#.# #.# # #.# ##H#
#.# # #.#### #..#
########....####.##
.................#
#................#
#.#########.###C.#
.#....# #.#
#.@###########.
#.###.# #.#
#..(.))<....... #.#
#.# #.#
##.###########. #.#
#)# #.# #.# #.# #.#
#)####.### #.# #.#
#.##.....# #.# #.#
#.##)###.###### #.#
#.# #)...# #......#
#.# #.#
#.##.###.####.#


You could see a manticore and a cyclops.

Vanquished Creatures
  An ugly thing (D:7)
  The ghost of jehirs the Basher, a novice GrMo of Dithmenos (D:7)
  The ghost of rvm the Insei, a novice HuMo (D:4)
  Edmund (D:4)
  A water moccasin (D:7)
  An ice beast (D:6)
  2 sky beasts
  A phantom (D:6)
  A centaur (D:7)
  5 ogres
  3 giant frogs (D:6)
  2 scorpions
  9 wights
  A crimson imp (D:7)
  A centaur zombie (D:7)
  4 orc wizards
  A giant frog skeleton (D:4)
  6 hounds
  An orc priest (D:5)
  A centaur skeleton (D:6)
  A jelly (D:6)
  Crazy Yiuf (D:3)
  An iguana (D:5)
  6 worker ants
  A hound skeleton (D:5)
  Robin (D:3)
  3 gnolls (D:5)
  8 adders
  An adder zombie (D:5)
  2 worms (D:2)
  2 dart slugs
  2 giant geckos (D:5)
  19 orcs
  6 bats
  3 giant cockroaches
  14 hobgoblins
  7 jackals
  12 kobolds
  3 quokkas
  A giant gecko zombie (D:5)
  8 giant newts
  10 goblins
  A quokka zombie (D:6)
  7 rats
164 creatures vanquished.

Notes
Turn   | Place    | Note
-------+----------+-------------------------------------------
     0 | D:1      | Arkorax the Vine Stalker Berserker began the quest for the Orb.
     0 | D:1      | Reached XP level 1. HP: 11/11 MP: 2/2
    36 | D:1      | Reached XP level 2. HP: 9/16 MP: 1/3
    43 | D:1      | Reached skill level 1 in Stealth
   358 | D:1      | Reached ** piety under Trog
   358 | D:1      | Reached XP level 3. HP: 20/20 MP: 4/4
   527 | D:2      | Found a deep blue altar of Sif Muna.
   611 | D:2      | Found a radiant altar of Vehumet.
   956 | D:2      | Reached skill level 2 in Stealth
  1128 | D:2      | Found a sparkling altar of Nemelex Xobeh.
  1247 | D:2      | Reached XP level 4. HP: 23/24 MP: 3/5
  1461 | D:3      | Noticed Robin
  1469 | D:3      | Killed Robin
  1480 | D:3      | Reached *** piety under Trog
  1488 | D:3      | Reached skill level 3 in Stealth
  1796 | D:3      | Found a bloodstained altar of Trog.
  1908 | D:3      | Found a runed door.
  1912 | D:3      | Noticed Crazy Yiuf
  1917 | D:3      | Killed Crazy Yiuf
  1917 | D:3      | Reached XP level 5. HP: 29/29 MP: 6/6
  1994 | D:3      | Found an oddly glowing altar of Pakellas.
  2028 | D:3      | Found a glowing golden altar of the Shining One.
  2296 | D:4      | Reached skill level 4 in Stealth
  2296 | D:4      | Gained mutation: You heal very quickly. [Vine Stalker growth]
  2296 | D:4      | Reached XP level 6. HP: 28/33 MP: 7/7
  2664 | D:4      | Noticed rvm's ghost (novice HuMo)
  2675 | D:4      | Killed rvm's ghost
  2675 | D:4      | Reached skill level 5 in Fighting
  2675 | D:4      | Reached skill level 5 in Stealth
  2675 | D:4      | Reached XP level 7. HP: 39/39 MP: 8/8
  2739 | D:4      | Reached **** piety under Trog
  2898 | D:4      | Noticed Edmund
  2911 | D:4      | Killed Edmund
  2911 | D:4      | Reached skill level 5 in Short Blades
  2911 | D:4      | Reached skill level 6 in Stealth
  3023 | D:4      | Gained mutation: You have razor-sharp teeth. [Vine Stalker growth]
  3023 | D:4      | Reached XP level 8. HP: 42/44 MP: 9/9
  3250 | D:5      | Entered Level 5 of the Dungeon
  3407 | D:5      | Found a staircase to the Ecumenical Temple.
  3533 | D:5      | Reached skill level 7 in Stealth
  4109 | D:6      | Reached skill level 8 in Stealth
  4128 | D:6      | Reached XP level 9. HP: 33/49 MP: 10/10
  4165 | D:6      | Found a shadowy altar of Dithmenos.
  4331 | D:6      | Reached ***** piety under Trog
  4498 | D:6      | Found Natunips's Jewellery Boutique.
  4677 | D:7      | Noticed jehirs's ghost (novice GrMo)
  4691 | D:7      | Killed jehirs's ghost
  4691 | D:7      | Reached skill level 9 in Stealth
  4918 | D:7      | Noticed a brown ugly thing
  4926 | D:7      | Killed a brown ugly thing
  5006 | D:7      | Reached skill level 10 in Stealth
  5027 | D:7      | Reached XP level 10. HP: 56/56 MP: 11/11
  5171 | D:7      | Noticed a cyclops
  5222 | D:7      | Noticed a manticore
  5222 | D:7      | Mangled by a cyclops

Vault maps used:
D:1:      elethiomel_arrival_shortcut, minmay_tripent
D:2:      lemuel_round_altar, old_standard_altar, old_standard_altar,
          minmay_pentomino_r2
D:3:      lemuel_doored_altar, nicolae_tso_carved_into_rock, first_bread,
          trog_hazing_becter, uniq_crazy_yiuf_cottage, uniq_robin
D:4:      uniq_edmund
D:5:      serial_glass, glass_columns_b, glass_columns_a, glass_columns_c,
          glass_columns_b, glass_columns_c, glass_columns_a
D:6:      grunt_dithmenos_shadows, serial_shops, shop,
          minmay_misc_feat_enclosed, kennysheep_generic_room_4
D:7:      minmay_blocky_corners, grunt_livestock

Skill      XL: |  1  2  3  4  5  6  7  8  9 10 |
---------------+-------------------------------+-----
Fighting       | 3 4 5 6 8 |  8.2
Stealth        | 1 2 3 4 5 6 8 10 | 10.4
Short Blades   | 3 4 5 6 7 8 |  8.0
Armour         | |  1.5
Dodging        | |  1.5

Action                   |  1- 3 |  4- 6 |  7- 9 | 10-12 || total
-------------------------+-------+-------+-------+-------++-------
Melee: Short sword       |   118 |   136 |    93 |       ||   347
       Bite              |    25 |    53 |    81 |    11 ||   170
       Dagger            |       |       |   140 |    30 ||   170
Invok: Berserk           |     1 |     3 |     4 |     1 ||     9
Evoke: Wand              |       |       |     1 |       ||     1
 Stab: Sleeping          |     3 |     3 |    16 |     4 ||    26
  Eat: Chunk             |     2 |       |     3 |       ||     5
       Bread ration      |       |     2 |     2 |       ||     4
Armor: Animal skin       |    12 |       |       |       ||    12
       Leather armour    |    11 |    48 |    62 |    12 ||   133
Dodge: Dodged            |    79 |   101 |    91 |    16 ||   287
